 Dungeon Sprint DCSS version 0.22.1-2-g9c5b331 (webtiles) character file.

38241 diana the Brawler (level 13, -9/144 HPs)
             Began as a Troll Monk on Dec 22, 2018.
             Was the Champion of Okawaru.
             Mangled by a six-headed hydra simulacrum (27 damage)
             ... in the Dungeon (Sprint III: "The Ten Rune Challenge").
             The game lasted 00:21:31 (4296 turns).

diana the Brawler (Troll Monk)                      Turns: 4296, Time: 00:21:31

Health: -9/144     AC: 10    Str: 31    XL:     13   Next: 62%
Magic:  19/19      EV: 17    Int:  6    God:    Okawaru [******]
Gold:   4062       SH:  0    Dex: 12    Spells: 18/20 levels left

rFire    + . .     SeeInvis .     - Unarmed
rCold    . . .     Gourm    +   (no shield)
rNeg     . . .     Faith    .   y - +3 robe "Cuogyeb" {*Corrode rF+ Slay+3}
rPois    .         Spirit   .   v - +0 hat {MR+}
rElec    .         Reflect  .   s - +1 cloak of the Bard {-Tele Str+5}
rCorr    .         Harm     .   (gloves unavailable)
MR       +....     NoTele   +   (boots unavailable)
Stlth    +.........             (no amulet)
HPRegen  0.74/turn              (no ring)
MPRegen  0.16/turn              (no ring)

@: corroded
A: large, unfitting armour, claws 3, hooves 1, thin metallic scales 1, fast
metabolism 3, gourmand, regeneration 1, shaggy fur 2, tough skin 2, MP-powered
wands
a: Heroism, Finesse, Renounce Religion


You were in the Dungeon.
You worshipped Okawaru.
Okawaru was exalted by your worship.
You were very full.

You visited 1 branch You collected 4062 gold pieces.

Inventory:

Hand Weapons
 e - a +0 blowgun
Missiles
 h - 7 curare-tipped needles
 i - 3 large rocks (quivered)
 z - 5 needles of paralysis
Armour
 a - a +0 robe
 d - a +0 large shield of reflection
 l - the +1 robe "Ziong" {*Drain rElec rN+++}
   (Okawaru gifted it to you in the Dungeon)

   It insulates you from electricity.
   It renders you almost immune to negative energy.
   It causes draining when unequipped.
 s - the +1 cloak of the Bard (worn) {-Tele Str+5}
   (Okawaru gifted it to you in the Dungeon)

   It affects your strength (+5).
   It prevents most forms of teleportation.
 v - a +0 hat of magic resistance (worn)
 x - +0 fire dragon scales
 y - the +3 robe "Cuogyeb" (worn) {*Corrode rF+ Slay+3}
   (Okawaru gifted it to you in the Dungeon)

   It affects your accuracy and damage with ranged weapons and melee attacks
   (+3).
   It protects you from fire.
   It may corrode you when you take damage.
Wands
 q - a wand of iceblast (13)
 w - a wand of disintegration (14)
Scrolls
 k - a scroll of holy word
 m - 2 scrolls of remove curse
 o - a scroll of immolation
Potions
 c - a potion of curing
 f - 2 potions of magic
 g - 2 potions of heal wounds
 j - 2 potions of mutation
 n - 2 potions of flight
 p - a potion of might
 t - a potion of degeneration {unknown}
 u - a potion of brilliance {unknown}
Miscellaneous
 r - a fan of gales
Comestibles
 b - 21 rations


   Skills:
 + Level 13.4 Fighting
 + Level 11.8 Armour
 + Level 13.4 Dodging
 - Level 1.0 Stealth
 * Level 20.7 Unarmed Combat
 - Level 4.2 Spellcasting
 - Level 6.9 Hexes
 - Level 10.1 Invocations


You had 18 spell levels left.
You knew the following spells:

 Your Spells              Type           Power        Failure   Level  Hunger
a - Confusing Touch       Hex            #.....       1%          1    ##.....
b - Apportation           Tloc           #.....       32%         1    ##.....

Your spell library contained the following spells:

 Spells                   Type           Power        Failure   Level  Hunger
 Animate Skeleton         Necr           N/A          32%         1    ##.....
 Summon Butterflies       Summ           #.......     32%         1    ##.....
 Summon Small Mammal      Summ           #...         32%         1    ##.....
 Corpse Rot               Necr           N/A          45%         2    ###....
 Sublimation of Blood     Necr           #.........   45%         2    ###....
 Call Canine Familiar     Summ           #.......     69%         3    ####...
 Summon Mana Viper        Hex/Summ       #.......     91%         5    ######.
 Summon Ice Beast         Ice/Summ       #.......     97%         4    #####..
 Agony                    Necr           #.......     100%        5    ######.
 Bolt of Draining         Conj/Necr      #.........   100%        5    ######.
 Dispel Undead            Necr           #.......     100%        5    ######.
 Excruciating Wounds      Chrm/Necr      #.........   100%        5    ######.
 Summon Hydra             Summ           #.........   100%        7    #######


Dungeon Overview and Level Annotations

Branches:
Dungeon (1/1)

Altars:
Cheibriados
Dithmenos
Elyvilon
Fedhas
Gozag
Hepliaklqana
Kikubaaqudgha
Makhleb
Nemelex Xobeh
Okawaru
Qazlal
Ru
Sif Muna
Trog
Uskayaw
Vehumet
Wu Jian
Xom
Yredelemnul
Zin
The Shining One
Beogh
Jiyva
Lugonu

Shops:
D :

Annotations:
D Chuck


Innate Abilities, Weirdness & Mutations

You are too large for most types of armour.
You have claws for hands.
Your metabolism is lightning-fast.
You like to eat raw meat.
Your natural rate of healing is unusually fast.
You are covered in thick fur. (AC +2)
You have very tough skin. (AC +2)
You have large cloven feet.
You are partially covered in thin metallic scales. (AC +2)
You expend magic power (3 MP) to strengthen your wands.


Message History

This raw flesh tastes great.
You are no longer corroded.
You start resting.
The seven-headed hydra simulacrum is too close now for your liking.
You rip one of the seven-headed hydra simulacrum's heads off!
You mangle the six-headed hydra simulacrum!!
You kick the six-headed hydra simulacrum.
The six-headed hydra simulacrum is severely damaged.
The six-headed hydra simulacrum barely misses you.
The six-headed hydra simulacrum bites you.
The six-headed hydra simulacrum freezes you!!!
Your corrosive artefact corrodes you!
The six-headed hydra simulacrum completely misses you.
The six-headed hydra simulacrum bites you.
The six-headed hydra simulacrum freezes you!
* * * LOW HITPOINT WARNING * * *
The six-headed hydra simulacrum bites you!
* * * LOW HITPOINT WARNING * * *
The six-headed hydra simulacrum freezes you!!
You die...

##'♣
♣♣.##.##(##'≈≈≈≈≈####+#####
...♣
♣..#.##..[#≈≈..§§§§§.#)...
####♣♣
♣♣.##.##..#≈.))#######....
...PP♣
♣♣.##.#####...#......#....
....P♣
♣.....##......#♣♣♣._.#....
#+#### ########'######
#####'### #.♣♣ #.).. #♣.♣
#.### ♣@♣♣ #[#[P ♣♣Z♣ #.#P.
♣.♣♣ #.#P. ♣.♣♣ #.#)) ♣[.♣
#.#.# ♣♣.♣ #.#§# ♣♣.♣ #.#§§
≈♣ #.#§§ .Z #..§§


You could see a six-headed hydra simulacrum.

Vanquished Creatures
  Rupert (D)
  Gastronok (D)
  Harold (D)
  2 dire elephants (D)
  A fire dragon (D)
  A yaktaur captain (D)
  Snorg (D)
  4 ice dragons (D)
  An anaconda (shapeshifter) (D)
  2 centaur warriors (D)
  4 dancing weapons (D)
  Urug (D)
  4 death yaks (D)
  3 orc high priests (D)
  A deep elf knight (D)
  A spriggan druid (D)
  An unseen horror (D)
  A death drake (D)
  A deep troll (shapeshifter) (D)
  A lindwurm (D)
  A swamp dragon (shapeshifter) (D)
  An orc knight (D)
  Joseph (D)
  5 deep elf magi (D)
  An ugly thing (D)
  2 black mambas (D)
  2 elephants (D)
  2 spiny frogs (D)
  A rime drake (D)
  A komodo dragon (D)
  A komodo dragon (shapeshifter) (D)
  A merfolk (shapeshifter) (D)
  2 tyrant leeches (D)
  4 spriggan defenders (D)
  A queen bee (D)
  8 blink frogs (D)
  4 slime creatures (D)
  3 wandering mushrooms (D)
  2 spriggans (D)
  3 redbacks (D)
  A shadow (D)
  A spatial vortex (D)
  3 orc warriors (D)
  A swamp drake (D)
  A necrophage (D)
  2 centaurs (D)
  An earth elemental (D)
  A water elemental (D)
  32 killer bees (D)
  An electric eel (D)
  A jelly (D)
  4 orc priests (D)
  3 orc wizards (D)
  A wizard (D)
  Jessica (D)
  A necromancer (D)
  A kobold demonologist (D)
  3 humans (D)
  A wolf (D)
  An ooze (D)
  2 swamp drake simulacra (D)
  5 orcs (D)
  A rat (D)
  A plant (D)
149 creatures vanquished.

Vanquished Creatures (others)
  2 draconian scorchers (D)
  2 hydras (D)
  An ice dragon (D)
  2 yaktaurs (D)
  6 hellions (D)
  3 orc priests (D)
  A bush (D)
  12 plants (D)
29 creatures vanquished.

Grand Total: 178 creatures vanquished

Notes
Turn   | Place    | Note
-------+----------+-------------------------------------------
     0 | D        | diana the Troll Monk began the quest for the Orb.
     0 | D        | Reached XP level 1. HP: 22/22 MP: 0/0
    27 | D        | Noticed Jessica
    33 | D        | Killed Jessica
    33 | D        | Reached skill level 5 in Unarmed Combat
    33 | D        | Reached XP level 2. HP: 31/31 MP: 1/1
    33 | D        | Reached XP level 3. HP: 37/37 MP: 2/2
    51 | D        | Killed a yaktaur
    77 | D        | Killed a hellion
    78 | D        | Killed a hellion
    96 | D        | Reached skill level 6 in Unarmed Combat
   111 | D        | Gained mutation: You passively map a small area around you.
                  | [potion of mutation]
   111 | D        | Gained mutation: You are partially covered in thin metallic
                  | scales. (AC +2) [potion of mutation]
   111 | D        | Gained mutation: You tend to lose your temper in combat.
                  | [potion of mutation]
   111 | D        | Gained mutation: You have large cloven feet. [potion of
                  | mutation]
   112 | D        | Lost mutation: You tend to lose your temper in combat.
                  | [potion of mutation]
   112 | D        | Lost mutation: You passively map a small area around you.
                  | [potion of mutation]
   112 | D        | Gained mutation: You expend magic power (3 MP) to
                  | strengthen your wands. [potion of mutation]
   112 | D        | Gained mutation: You are covered in thick fur. (AC +2)
                  | [potion of mutation]
   120 | D        | Noticed a water elemental
   124 | D        | Killed a water elemental
   124 | D        | Reached skill level 7 in Unarmed Combat
   124 | D        | Reached XP level 4. HP: 37/49 MP: 3/3
   126 | D        | Killed a hellion
   128 | D        | Killed a hellion
   147 | D        | Found a radiant altar of Vehumet.
   147 | D        | Found a deep blue altar of Sif Muna.
   147 | D        | Found an ancient bone altar of Kikubaaqudgha.
   147 | D        | Noticed a wizard
   149 | D        | Killed a wizard
   149 | D        | Reached XP level 5. HP: 51/55 MP: 4/4
   157 | D        | Reached skill level 5 in Fighting
   157 | D        | Reached skill level 5 in Dodging
   157 | D        | Reached skill level 8 in Unarmed Combat
   170 | D        | Found a glowing silver altar of Zin.
   170 | D        | Found a glowing golden altar of the Shining One.
   170 | D        | Found a white marble altar of Elyvilon.
   171 | D        | Noticed a deep elf mage
   176 | D        | Noticed a sixfirhy
   178 | D        | Killed a deep elf mage
   178 | D        | Reached skill level 11 in Unarmed Combat
   178 | D        | Reached XP level 6. HP: 62/68 MP: 5/5
   178 | D        | Reached XP level 7. HP: 69/76 MP: 6/6
   178 | D        | Killed a white draconian scorcher
   180 | D        | Killed a hellion
   183 | D        | Learned a level 1 spell: Confusing Touch
   185 | D        | Killed a hellion
   190 | D        | Found a hide-covered altar of Uskayaw.
   190 | D        | Found a roughly hewn altar of Beogh.
   190 | D        | Found an iron altar of Okawaru.
   190 | D        | Found a bloodstained altar of Trog.
   190 | D        | Found an ornate altar of the Wu Jian Council.
   190 | D        | Noticed a human
   190 | D        | Noticed a human
   193 | D        | Killed a human
   193 | D        | Reached skill level 1 in Armour
   193 | D        | Reached skill level 1 in Hexes
   199 | D        | Killed a human
   204 | D        | Became a worshipper of Warmaster Okawaru
   204 | D        | Reached * piety under Okawaru
   204 | D        | Reached ** piety under Okawaru
   213 | D        | Found a basalt altar of Yredelemnul.
   213 | D        | Found a shadowy altar of Dithmenos.
   213 | D        | Found a sacrificial altar of Ru.
   214 | D        | Killed a white draconian scorcher
   221 | D        | Reached skill level 12 in Unarmed Combat
   229 | D        | Noticed a shadow
   236 | D        | Killed a shadow
   236 | D        | Reached XP level 8. HP: 59/87 MP: 7/7
   285 | D        | Found a blossoming altar of Fedhas.
   285 | D        | Found a stormy altar of Qazlal.
   286 | D        | Found a snail-covered altar of Cheibriados.
   286 | D        | Found a burning altar of Makhleb.
   286 | D        | Found a hazy altar of Hepliaklqana.
   286 | D        | Found a shimmering altar of Xom.
   286 | D        | Found an opulent altar of Gozag.
   286 | D        | Found a sparkling altar of Nemelex Xobeh.
   286 | D        | Found a corrupted altar of Lugonu.
   286 | D        | Found a viscous altar of Jiyva.
   309 | D        | Noticed Snorg
   348 | D        | Killed Snorg
   348 | D        | Reached *** piety under Okawaru
   348 | D        | Reached skill level 13 in Unarmed Combat
   348 | D        | Reached XP level 9. HP: 24/97 MP: 8/8
   490 | D        | Reached **** piety under Okawaru
   525 | D        | Noticed a centaur warrior
   531 | D        | Killed a centaur warrior
   531 | D        | Reached ***** piety under Okawaru
   531 | D        | Reached skill level 5 in Armour
   534 | D        | Reached skill level 14 in Unarmed Combat
   637 | D        | Noticed an orc high priest
   648 | D        | Noticed an orc high priest
   650 | D        | Killed an orc high priest
   650 | D        | Received a gift from Okawaru
   661 | D        | Killed an orc high priest
   661 | D        | Reached XP level 10. HP: 64/107 MP: 7/11
   671 | D        | Noticed an orc knight
   713 | D        | Killed an orc knight
   713 | D        | Reached skill level 15 in Unarmed Combat
   909 | D        | Found Dokon's Book Emporium.
   954 | D        | Noticed an orc high priest
   959 | D        | Killed an orc high priest
   959 | D        | Reached skill level 1 in Spellcasting
  1022 | D        | Killed an unseen horror
  1136 | D        | Reached skill level 10 in Fighting
  1136 | D        | Reached skill level 10 in Dodging
  1140 | D        | Reached skill level 5 in Invocations
  1208 | D        | Received a gift from Okawaru
  1224 | D        | Reached skill level 16 in Unarmed Combat
  1228 | D        | Reached XP level 11. HP: 79/118 MP: 14/14
  1368 | D        | Noticed Harold
  1368 | D        | Noticed Joseph
  1377 | D        | Killed Harold
  1382 | D        | Killed Joseph
  1490 | D        | Received a gift from Okawaru
  1502 | D        | Got a jewelled cloak {god gift}
  1508 | D        | Identified the +1 cloak of the Bard {-Tele Str+5} (Okawaru
                  | gifted it to you in the Dungeon)
  1659 | D        | Noticed a lindwurm
  1666 | D        | Killed a lindwurm
  1666 | D        | Reached skill level 17 in Unarmed Combat
  1885 | D        | Noticed Rupert
  1887 | D        | Paralysed by Rupert for 6 turns
  1906 | D        | HP: 2/120 [Rupert/vampiric battleaxe (36)]
  1913 | D        | Killed Rupert
  1913 | D        | Reached XP level 12. HP: 6/130 MP: 14/17
  2122 | D        | Noticed a death yak
  2122 | D        | Noticed a death yak
  2126 | D        | Noticed a death yak
  2126 | D        | Noticed a death yak
  2129 | D        | Killed a death yak
  2129 | D        | Reached skill level 5 in Hexes
  2134 | D        | Killed a death yak
  2134 | D        | Received a gift from Okawaru
  2137 | D        | Killed a death yak
  2142 | D        | Killed a death yak
  2142 | D        | Reached skill level 18 in Unarmed Combat
  2149 | D        | Noticed an azure jelly
  2149 | D        | Noticed an azure jelly
  2159 | D        | Reached ****** piety under Okawaru
  2288 | D        | Noticed an azure jelly
  2288 | D        | Noticed an azure jelly
  2291 | D        | Noticed a dire elephant
  2291 | D        | Noticed a dire elephant
  2291 | D        | Noticed Gastronok
  2296 | D        | Killed Gastronok
  2304 | D        | Killed a dire elephant
  2304 | D        | Received a gift from Okawaru
  2304 | D        | Reached skill level 10 in Armour
  2306 | D        | Killed a dire elephant
  2315 | D        | Got a fine robe {god gift}
  2326 | D        | Identified the +1 robe "Ziong" {*Drain rElec rN+++}
                  | (Okawaru gifted it to you in the Dungeon)
  2399 | D        | Noticed Urug
  2406 | D        | Killed Urug
  2437 | D        | Killed an ice dragon
  2525 | D        | Noticed an eight-headed hydra
  2525 | D        | Noticed a six-headed hydra
  2576 | D        | Noticed a yaktaur captain
  2601 | D        | Killed a six-headed hydra
  2618 | D        | Killed an eight-headed hydra
  2812 | D        | Noticed a centaur warrior
  2821 | D        | Killed a centaur warrior
  2821 | D        | Reached skill level 19 in Unarmed Combat
  2916 | D        | Reached XP level 13. HP: 115/141 MP: 10/19
  2922 | D        | Reached skill level 10 in Invocations
  3017 | D        | Learned a level 1 spell: Apportation
  3029 | D        | Noticed a fire dragon
  3037 | D        | Killed a fire dragon
  3182 | D        | HP: 5/141 [yaktaur captain/bolt (45)]
  3223 | D        | HP: 5/141 [yaktaur captain (24)]
  3661 | D        | Noticed Chuck
  3700 | D        | Reached skill level 20 in Unarmed Combat
  3966 | D        | Received a gift from Okawaru
  3976 | D        | Got a crude robe {god gift}
  3983 | D        | Noticed a deep elf annihilator
  3986 | D        | Noticed a deep elf annihilator
  4018 | D        | Identified the +3 robe "Cuogyeb" {*Corrode rF+ Slay+3}
                  | (Okawaru gifted it to you in the Dungeon)
  4153 | D        | Found a blossoming altar of Fedhas.
  4296 | D        | Mangled by a six-headed hydra simulacrum

Skill      XL: |  1  2  3  4  5  6  7  8  9 10 11 12 13 |
---------------+----------------------------------------+-----
Fighting       | 3 4 6 7 8 9 10 11 12 13 | 13.4
Dodging        | 3 4 6 7 8 9 10 11 12 13 | 13.4
Unarmed Combat | 5 7 11 12 13 14 16 17 19 20 | 20.7
Armour         | 2 4 6 7 9 10 11 | 11.8
Hexes          | 2 3 4 6 |  6.9
Invocations    | 3 5 8 9 10 | 10.1
Spellcasting   | 2 4 |  4.2
Stealth        | |  1.0

Action                   |  1- 3 |  4- 6 |  7- 9 | 10-12 | 13-15 || total
-------------------------+-------+-------+-------+-------+-------++-------
Melee: Unarmed           |    20 |    15 |    60 |   272 |    98 ||   465
       Kick              |     2 |     4 |    19 |    78 |    41 ||   144
       Punch             |       |       |     5 |    29 |    13 ||    47
Throw: Large rock        |       |       |       |     2 |       ||     2
 Cast: Confusing Touch   |       |       |       |     5 |     9 ||    14
       Apportation       |       |       |       |       |     1 ||     1
Invok: Heroism           |       |       |     1 |    11 |     8 ||    20
       Finesse           |       |       |       |     3 |     2 ||     5
  Use: Potion            |     2 |       |     2 |     1 |     3 ||     8
       Scroll            |       |       |     1 |     4 |       ||     5
 Stab: Sleeping          |       |       |       |     1 |       ||     1
       Confused          |       |       |       |       |     4 ||     4
  Eat: Ration            |       |       |     1 |     1 |       ||     2
       Chunk             |       |       |       |    23 |    13 ||    36
Armor: Robe              |     5 |     1 |    10 |    47 |    13 ||    76
Dodge: Dodged            |     3 |     3 |    35 |   110 |    30 ||   181
